 Dungeon Crawl Stone Soup version 0.30-a0-137-gd8773701ce (webtiles) character file.

Game seed: 630748882710558640

9186 NinjaNoafa the Trooper (level 11, 0/110 HPs)
             Began as an Ogre Cinder Acolyte on Sept 21, 2022.
             Was a High Priest of Ignis.
             Killed by an exploding vampire (18 damage)
             ... ignited by their inner flame
             ... on level 11 of the Dungeon.
             The game lasted 00:42:12 (15590 turns).

NinjaNoafa the Trooper (Ogre Cinder Acolyte)       Turns: 15590, Time: 00:42:12

Health: 0/110      AC:  9    Str: 20    XL:     11   Next: 42%
Magic:  4/20       EV: 10    Int: 31    God:    Ignis [*****.]
Gold:   244        SH:  0    Dex: 13    Spells: 4/22 levels left

rFire   + . .      SeeInvis .    p - +7 long sword of the Bashing Tiger {spect, rN+ Dex+9 Stlth-}
rCold   . . .      Faith    .    a - orb {guile}
rNeg    + . .      Spirit   .    A - +0 steam dragon scales
rPois   .          Reflect  .    (helmet restricted)
rElec   .          Harm     .    z - +2 cloak {Will+}
rCorr   .          Rampage  .    (gloves unavailable)
Will    .....                    (boots unavailable)
Stlth   ..........               b - amulet of regeneration
HPRegen 1.08/turn                n - +6 ring of intelligence
MPRegen 0.17/turn                t - +6 ring of intelligence

@: confused, marked
A: large, unfitting armour, tough skin 1, inhibited regeneration, wild magic 1
a: Renounce Religion, Fiery Armour, Foxfire Swarm, Rising Flame


You were on level 11 of the Dungeon.
You worshipped Ignis.
Ignis was extremely pleased with you.
You visited 2 branches of the dungeon, and saw 12 of its levels.

You collected 559 gold pieces.
You spent 315 gold pieces at shops.

Inventory:

Hand Weapons
 p - the +7 long sword of the Bashing Tiger (weapon) {spect, rN+ Dex+9 Stlth-}
   (You found it on level 7 of the Dungeon)

   When its wielder attacks, the weapon's spirit leaps out and strikes again.
   The spirit shares a part of any damage it takes with its wielder.
   Dex:       It affects your dexterity (+9).
   rN:        It protects you from negative energy.
   Stlth:     It makes you less stealthy.
 G - the +3 scimitar of Burning True Grit {vorpal, rPois rC- SInv}
   (You bought it in a shop on level 10 of the Dungeon)

   It inflicts extra damage upon your enemies.
   rC:        It makes you vulnerable to cold.
   rPois:     It protects you from poison.
   SInv:      It lets you see invisible.
Missiles
 c - 114 stones
 l - 5 boomerangs
 m - 28 poisoned darts
Armour
 a - an orb of guile (worn)
 z - a +2 cloak of willpower (worn)
 A - +0 steam dragon scales (worn)
Jewellery
 b - an amulet of regeneration (around neck)
 n - a +6 ring of intelligence (left hand)
 t - a +6 ring of intelligence (right hand)
Wands
 v - a wand of quicksilver (9)
 w - a wand of flame (29)
 x - a wand of mindburst (14)
 y - a wand of charming (35)
 D - a wand of digging (4)
Scrolls
 g - a scroll of immolation
 i - a scroll of summoning
 j - 2 scrolls of vulnerability
 k - 2 scrolls of blinking
 o - 2 scrolls of magic mapping
 q - 2 scrolls of poison
 s - 3 scrolls of teleportation
 u - a scroll of butterflies
 E - 2 scrolls of identify
 F - 2 scrolls of fear
Potions
 e - 3 potions of degeneration
 f - 2 potions of flight
 h - 2 potions of lignification
 B - a potion of brilliance


   Skills:
 + Level 7.6 Fighting
 + Level 5.4 Long Blades
 - Level 5.0 Axes
 - Level 3.0 Throwing
 - Level 3.0 Armour
 - Level 3.0 Dodging
 - Level 6.0 Spellcasting
 - Level 7.0 Hexes
 - Level 3.0 Necromancy
 - Level 3.0 Transmutations
 - Level 6.0 Fire Magic
 - Level 3.0 Ice Magic
 - Level 3.0 Earth Magic
 + Level 3.3 Evocations


You had 4 spell levels left.
You knew the following spells:

 Your Spells              Type           Power      Damage    Failure   Level
a - Scorch                Fire           100%       2d10      1%          2
b - Inner Flame           Hex/Fire       59%        N/A       2%          3
c - Cause Fear            Hex            31%        N/A       4%          4
d - Ensorcelled Hibernat  Hex/Ice        100%       N/A       1%          2
e - Wereblood             Tmut           36%        N/A       4%          2
f - Passwall              Tmut/Erth      30%        N/A       4%          2
h - Ozocubu's Armour      Ice            36%        N/A       7%          3

Your spell library contained the following spells:

 Spells                   Type           Power      Damage    Failure   Level
 Sublimation of Blood     Necr           36%        N/A       4%          2
 Apportation              Tloc           24%        N/A       8%          1
 Magic Dart               Conj           48%        1d5       8%          1
 Call Imp                 Summ           12%        N/A       12%         2
 Gell's Gravitas          Tloc           12%        N/A       21%         3
 Lesser Beckoning         Tloc           12%        N/A       21%         3
 Mephitic Cloud           Conj/Pois/Air  12%        N/A       21%         3
 Swiftness                Air            12%        N/A       21%         3
 Teleport Other           Tloc           12%        N/A       21%         3
 Summon Ice Beast         Ice/Summ       24%        N/A       34%         4
 Metabolic Englaciation   Hex/Ice        25%        N/A       24%         5
 Summon Mana Viper        Hex/Summ       40%        N/A       41%         5
 Fireball                 Conj/Fire      18%        3d9       45%         5
 Alistair's Intoxication  Tmut/Pois      16%        N/A       67%         5
 Freezing Cloud           Conj/Ice/Air   10%        6-21      73%         5
 Summon Forest            Summ/Tloc      6%         N/A       86%         5
 Simulacrum               Ice/Necr       18%        N/A       95%         6
 Starburst                Conj/Fire      18%        6d7       95%         6
 Summon Cactus Giant      Summ           6%         N/A       100%        6
 Monstrous Menagerie      Summ           6%         N/A       100%        7
 Ozocubu's Refrigeration  Ice            18%        4d11      100%        7
 Summon Hydra             Summ           6%         N/A       100%        7
 Discord                  Hex            31%        N/A       100%        8
 Ignition                 Fire           28%        3d9       100%        8
 Polar Vortex             Ice            18%        N/A       100%        9


Dungeon Overview and Level Annotations

Branches:
Dungeon (11/15)            Temple (1/1) D:4            Lair (0/5) D:9
    Orc (0/2) D:11

Altars:
Ashenzari
Cheibriados
Dithmenos
Elyvilon
Fedhas
Gozag
Hepliaklqana
Kikubaaqudgha
Makhleb
Nemelex Xobeh
Okawaru
Qazlal
Ru
Sif Muna
Trog
Uskayaw
Vehumet
Wu Jian
Xom
Yredelemnul
Zin
The Shining One

Shops:
D:10 (

Annotations:
D:11 Lodul


Innate Abilities, Weirdness & Mutations

You are too large for most types of armour.
You have tough skin. (AC +1)
You do not regenerate when monsters are visible.
Your spells are a little harder to cast, but a little more powerful.


Message History

You slash the vampire!
Flame seeps out of the vampire. x2
The vampire is moderately damaged.
The vampire is engulfed in blazing flames.
Flame seeps out of the vampire.
The vampire closely misses you.
The vampire bites you but does no damage.
You hit the vampire but do no damage.
The vampire is moderately damaged.
The vampire is engulfed in blazing flames.
Flame seeps out of the vampire.
The vampire hits you but does no damage.
The vampire bites you.
* * * LOW HITPOINT WARNING * * *
The vampire draws strength from your injuries!
You hit the vampire.
Flame seeps out of the vampire. x2
The vampire is heavily damaged.
The vampire is engulfed in blazing flames.
Flame seeps out of the vampire.
The vampire hits you!
* * * LOW HITPOINT WARNING * * *
The vampire bites you but does no damage.
Unknown command.
Casting: Scorch (safe; 1% risk of failure)
Confirm with . or Enter, or press ? or * to list all spells.
Flames lash the vampire.
Flame seeps out of the vampire.
The vampire is heavily damaged.
The vampire's fire resistance burns away.
The vampire is engulfed in blazing flames.
Flame seeps out of the vampire.
The vampire casts a spell at you.
You are confused.
Okay, then.
You are too confused!
You are too confused!
Okay, then.
You feel agile.
You feel a bond with the +7 long sword of the Bashing Tiger {spect, rN+ Dex+9 Stlth-}.
p - the +7 long sword of the Bashing Tiger (weapon)
{spect, rN+ Dex+9 Stlth-} You feel a bit more experienced.
The vampire explodes!
The fiery explosion engulfs you!! You resist.
You die...

#. #.#### #
#...:###..
#.........
#####.........
.....§.§.....
#..§○......
#..@§§.#
#####..†...#
#.......####
#####...#
#...# #...####
#......#
#............
#............


There were no monsters in sight!

Vanquished Creatures
  4 two-headed ogres
  A deep elf zephyrmancer (D:9)
  The ghost of greasedhog the Chiller, a novice GrIE (D:6)
  A komodo dragon (D:9)
  Psyche (D:10)
  3 trolls
  A wyvern (D:8)
  A vampire (D:11)
  7 yaks
  A wraith (D:6)
  A steam dragon (D:7)
  Grum (D:9)
  2 water moccasins
  An acid dragon (D:8)
  Duvessa (D:7)
  3 black bears
  5 sky beasts
  An orc warrior (D:8)
  3 wolves (D:9)
  2 ogres (D:5)
  A centaur (D:8)
  A phantom (D:5)
  2 kobold brigands
  2 bullfrogs
  A scorpion (D:6)
  3 wights (D:7)
  Dowan (D:7)
  4 killer bees (D:10)
  5 howler monkeys
  4 hounds
  2 orc priests
  A jelly (D:7)
  A gnoll bouda (D:5)
  2 iguanas
  4 orc wizards
  4 gnolls (D:5)
  Robin (D:4)
  10 adders
  2 river rats (D:6)
  2 white imps
  An ufetubus (D:6)
  3 worms
  3 dart slugs
  31 orcs
  8 endoplasms
  A giant cockroach (D:1)
  19 goblins
  4 hobgoblins
  9 jackals
  27 kobolds
  4 quokkas
  5 ball pythons
  8 bats
  7 frilled lizards
  9 rats
233 creatures vanquished.

Vanquished Creatures (others)
  10 foxfires (D:4)
  10 fungi (D:2)
  4 plants (D:9)
  6 toadstools (D:2)
  3 withered plants (D:10)
33 creatures vanquished.

Grand Total: 266 creatures vanquished

Notes
Turn   | Place    | Note
-------+----------+-------------------------------------------
     0 | D:1      | NinjaNoafa the Ogre Cinder Acolyte began the quest for the
                  | Orb.
     0 | D:1      | Reached XP level 1. HP: 24/24 MP: 2/2
   333 | D:1      | Reached XP level 2. HP: 32/32 MP: 4/4
   769 | D:1      | Reached XP level 3. HP: 35/39 MP: 6/6
   781 | D:1      | Learned a level 2 spell: Scorch
  1890 | D:2      | Reached skill level 1 in Hexes
  1892 | D:2      | Reached XP level 4. HP: 38/48 MP: 0/7
  3564 | D:3      | Learned a level 3 spell: Inner Flame
  3566 | D:3      | Learned a level 1 spell: Apportation
  3922 | D:3      | Reached XP level 5. HP: 54/54 MP: 4/8
  4472 | D:4      | Found a staircase to the Ecumenical Temple.
  4543 | Temple   | Entered the Ecumenical Temple
  4826 | D:4      | Found a sacrificial altar of Ru.
  4851 | D:4      | Gained mutation: Your body sometimes deteriorates upon
                  | taking damage. [potion of mutation]
  4851 | D:4      | Gained mutation: You have sharp toenails. [potion of
                  | mutation]
  5356 | D:4      | Noticed Robin
  5357 | D:4      | Identified the +3 hand axe "Ydecven" {venom, Dex+8 SInv}
  5379 | D:4      | Killed Robin
  5386 | D:4      | Reached XP level 6. HP: 26/62 MP: 1/9
  5683 | D:5      | Entered Level 5 of the Dungeon
  5706 | D:5      | Reached skill level 5 in Fire Magic
  5824 | D:5      | Reached skill level 1 in Dodging
  6070 | D:5      | Reached XP level 7. HP: 71/71 MP: 5/11
  6193 | D:5      | Reached skill level 5 in Fighting
  6259 | D:5      | Found a stormy altar of Qazlal.
  6291 | D:5      | Reached skill level 1 in Throwing
  6792 | D:5      | Reached XP level 8. HP: 46/80 MP: 0/12
  7106 | D:5      | Reached skill level 5 in Axes
  7363 | D:6      | Reached skill level 1 in Transmutations
  7652 | D:6      | Learned a level 2 spell: Ensorcelled Hibernation
  7673 | D:6      | Found a blossoming altar of Fedhas.
  8664 | D:6      | Found a runed translucent door.
  8668 | D:6      | Learned a level 2 spell: Wereblood
  8671 | D:6      | Learned a level 2 spell: Passwall
  8671 | D:6      | Noticed greasedhog's ghost (novice GrIE)
  8686 | D:6      | Killed greasedhog's ghost
  8687 | D:6      | Reached skill level 5 in Hexes
  8687 | D:6      | Reached XP level 9. HP: 23/89 MP: 0/13
  9010 | D:6      | Reached skill level 1 in Ice Magic
  9010 | D:6      | Reached skill level 1 in Earth Magic
  9432 | D:6      | Identified a scroll of acquirement
  9495 | D:6      | Acquired a book of Beasts
  9591 | D:7      | Noticed Duvessa
  9591 | D:7      | Noticed Dowan
  9598 | D:7      | Identified the +7 long sword of the Bashing Tiger {spect,
                  | rN+ Dex+9 Stlth-}
  9607 | D:7      | Killed Duvessa
  9611 | D:7      | Killed Dowan
  9641 | D:7      | Reached skill level 1 in Evocations
  9658 | D:7      | Reached skill level 1 in Long Blades
 10721 | D:7      | Learned a level 2 spell: Sublimation of Blood
 11420 | D:7      | Reached skill level 1 in Necromancy
 11636 | D:8      | Noticed a two-headed ogre
 11644 | D:8      | Killed a two-headed ogre
 11645 | D:8      | Reached skill level 1 in Armour
 11645 | D:8      | Reached XP level 10. HP: 97/102 MP: 2/14
 12254 | D:8      | Found an ornate altar of the Wu Jian Council.
 12298 | D:8      | Lost mutation: Your body sometimes deteriorates upon taking
                  | damage. [potion of mutation]
 12298 | D:8      | Lost mutation: You have sharp toenails. [potion of
                  | mutation]
 12298 | D:8      | Gained mutation: You are partially covered in iridescent
                  | scales. (AC +2) [potion of mutation]
 12298 | D:8      | Gained mutation: You are mostly covered in iridescent
                  | scales. (AC +4) [potion of mutation]
 12298 | D:8      | Gained mutation: You do not regenerate when monsters are
                  | visible. [potion of mutation]
 13084 | D:9      | Found a hazy altar of Hepliaklqana.
 13099 | D:9      | Noticed a two-headed ogre
 13105 | D:9      | Killed a two-headed ogre
 13106 | D:9      | Reached skill level 5 in Long Blades
 13374 | D:9      | Noticed Grum
 13381 | D:9      | Reached skill level 5 in Spellcasting
 13381 | D:9      | Killed Grum
 13535 | D:9      | Found an opulent altar of Gozag.
 13553 | D:9      | Noticed a deep elf zephyrmancer
 13563 | D:9      | Killed a deep elf zephyrmancer
 13600 | D:9      | Learned a level 3 spell: Ozocubu's Armour
 13710 | D:9      | Found a staircase to the Lair.
 14063 | D:10     | Entered Level 10 of the Dungeon
 14072 | D:10     | Found Misir's Antique Weapon Emporium.
 14079 | D:10     | Bought an iridescent scimitar for 315 gold pieces
 14079 | D:10     | Identified the +3 scimitar of Burning True Grit {vorpal,
                  | rPois rC- SInv} (You bought it in a shop on level 10 of the
                  | Dungeon)
 14080 | D:10     | Noticed Psyche
 14080 | D:10     | Noticed a two-headed ogre
 14158 | D:10     | You fall into a shaft and drop 1 floor!
 14175 | D:11     | Lost mutation: You are mostly covered in iridescent scales.
                  | (AC +4) [potion of mutation]
 14175 | D:11     | Lost mutation: You are partially covered in iridescent
                  | scales. (AC +2) [potion of mutation]
 14175 | D:11     | Gained mutation: Your spells are a little harder to cast,
                  | but a little more powerful. [potion of mutation]
 14196 | D:11     | Noticed Lodul
 14203 | D:11     | Found a staircase to the Orcish Mines.
 14226 | D:11     | Reached XP level 11. HP: 109/109 MP: 18/18
 14236 | D:11     | Learned a level 4 spell: Cause Fear
 14257 | D:11     | Found a runed translucent door.
 14552 | D:10     | Found a basalt altar of Yredelemnul.
 14693 | D:10     | Noticed a two-headed ogre
 14699 | D:10     | Killed a two-headed ogre
 14717 | D:10     | Killed a two-headed ogre
 15391 | D:10     | Killed Psyche
 15590 | D:11     | Killed by an exploding vampire... ignited by their inner
                  | flame

Illustrated notes

Levels and vault maps discovered:
D:1:      matt_arrival_grand_opening, layout_basic
D:2:      cheibrodos_fertilizer, layout_basic, nicolae_wormholes
D:3:      layout_loops_ring, st_stairs_6, amethyst_killhole,
          kennysheep_generic_room_6
D:4:      layout_rooms, nicolae_ru_awakened_eye, minmay_temple_entry_waves,
          uniq_robin
D:5:      layout_gridville, lemuel_round_altar
D:6:      layout_loops_cross, lemuel_tele_altar, ebering_ghost_reflecting_pool,
          portal_sewer_entry_b
D:7:      layout_basic, uniq_duvessa
D:8:      layout_rooms, overflow_temple_1_default
D:9:      layout_irregular_city, mainiacjoe_overflow_catch_the_wave,
          david_lair_shrubbed, minmay_librarian, uniq_grum
D:10:     layout_loops_corners, yredelemnul_altar_generic, serial_shops, shop,
          minmay_tree_intersection, uniq_psyche
D:11:     layout_irregular_city, orc_0_dummy, lightli_church_of_beogh,
          uniq_lodul, uniq_urug
Temple:   nicolae_temple_bog_church

Skill      XL: |  1  2  3  4  5  6  7  8  9 10 11 |
---------------+----------------------------------+-----
Fire Magic     | 3 4 5 6 |  6.0
Spellcasting   | 2 3 5 6 |  6.0
Hexes          | 1 2 3 5 7 |  7.0
Dodging        | 1 2 3 |  3.0
Fighting       | 5 6 7 |  7.6
Axes           | 4 5 |  5.0
Throwing       | 2 3 |  3.0
Transmutations | 3 |  3.0
Ice Magic      | 3 |  3.0
Earth Magic    | 3 |  3.0
Evocations     | 3 |  3.3
Long Blades    | 3 5 |  5.4
Necromancy     | 2 3 |  3.0
Armour         | 1 3 |  3.0

Action                   |  1- 3 |  4- 6 |  7- 9 | 10-12 || total
-------------------------+-------+-------+-------+-------++-------
Melee: Hand axe          |    76 |    84 |    60 |       ||   220
       Punch             |     2 |       |       |       ||     2
       Kick              |       |     4 |    25 |     5 ||    34
       Long sword        |       |       |    18 |    60 ||    78
       Scimitar          |       |       |       |     6 ||     6
Throw: Boomerang         |       |     9 |     2 |       ||    11
       Dart              |       |     2 |    10 |       ||    12
 Cast: Scorch            |    19 |    68 |    89 |    34 ||   210
       Apportation       |       |     4 |     4 |       ||     8
       Inner Flame       |       |     6 |    14 |    15 ||    35
       Ensorcelled Hiber |       |       |     8 |    13 ||    21
       Passwall          |       |       |     2 |     1 ||     3
       Wereblood         |       |       |     2 |     2 ||     4
       Sublimation of Bl |       |       |     2 |       ||     2
       Ozocubu's Armour  |       |       |       |     2 ||     2
Invok: Foxfire Swarm     |       |     1 |       |       ||     1
Evoke: Wand              |       |       |     4 |     3 ||     7
  Use: Scroll            |       |     5 |    11 |    13 ||    29
       Potion            |       |     9 |     4 |     8 ||    21
 Stab: Invisible         |       |     1 |       |     1 ||     2
       Sleeping          |       |       |     5 |     2 ||     7
Armor: Robe              |    45 |    35 |    35 |       ||   115
       Skin              |       |    25 |       |       ||    25
       Steam dragon scal |       |       |       |    65 ||    65
Dodge: Dodged            |    53 |    64 |    84 |    61 ||   262

Table legend: (Time is in decaauts)
 A = Elapsed time spent in this place.
 B = Non-inter-level travel time spent in this place.
 C = Inter-level travel time spent in this place.
 D = Time resting spent in this place.
 E = Time spent auto-exploring this place.
 F = Levels seen in this place.
 G = Mean time per level.
                   A        B        C        D        E       F      G
               +--------+--------+--------+--------+--------+-----+--------+
         Total |  15649 |  14985 |    664 |    405 |  12575 |  12 | 1304.1 |
       Dungeon |  15412 |  14774 |    638 |    405 |  12384 |  11 | 1401.1 |
        Temple |    237 |    211 |     26 |      0 |    191 |   1 |  237.0 |
               +--------+--------+--------+--------+--------+-----+--------+

Top non-repeatable levels by time:
     D:6: 2565 daAuts
     D:7: 2031 daAuts
     D:1: 1665 daAuts
     D:5: 1632 daAuts
     D:2: 1523 daAuts
    D:10: 1284 daAuts
     D:9: 1192 daAuts
     D:3: 1141 daAuts
     D:4: 1138 daAuts
     D:8: 1002 daAuts
  Temple: 237 daAuts
    D:11: 233 daAuts
